Arrhythmia, chaotic female vampiric Convict --- --- --.---.----- ----- |...|......--..| --- ------- ---...| ---- ---- |..............-- |..--- --..--.---.....| |..-- |..---....%..........--|....| |..............| |...---- --........%.%..........--.--.--- |.....%.......-- |......| |.........................||...| --.----.|.....| --.....--- --......................------.--- --- ----.---- --.--...|--- --*.--.---............| |...| ----|...| ---0--------.|..| |.. --...........--- ---.---- --..--.-.-- |.....| |....| ---...---.......-- |....| |.......).--|.....------.*..---- |...-----........| ---..-- |..........---.....--........|.-- ---@--- |..........| |....-- |...............................| |.@.| ---....---..-- --.....----........-----........--.^....-- ---.-----.....-- |.-. |.................| |.......--|....--- ----...---...----- --- # |-...---.--.......| --....>-- ---.-- |......)[..).| ###...%.. # ........)-- --....| --- ---.)..-----..-- --....-. |.....--..| |..--- |.....-- ---- |......| --...| |..| ---- |.<|.-- --.----- ----- ---- ------ --- Arrhythmia the Jail-bird Experience level: 7 Strength: 16 Dexterity: 16 Constitution: 15 Intelligence: 12 Wisdom: 9 Charisma: 8 Health: 0(48) Energy: 31(31) AC: 1 Gold: 430 Moves: 3218 Your Inventory: Coins $ - 430 gold pieces Weapons N - 5 [uncursed +0] daggers [of warning] Armor b - a cursed +0 striped shirt o - an [uncursed] +0 leather jacket (being worn) x - a [cursed -1] mummy wrapping B - an [uncursed] +0 pair of hard shoes [iron] (being worn) F - an [uncursed] +0 hard hat [dwarvish iron helm] (being worn) G - an [uncursed] +0 hooded cloak [dwarvish] (being worn) H - a [blessed] rusty +3 large round shield [dwarvish roundshield] (being worn) I - an [uncursed +0] pair of hard shoes [iron] Scrolls j - an uncursed scroll of remove curse k - an uncursed scroll of confuse monster l - an uncursed scroll of charging Spellbooks t - an [uncursed] spellbook of remove curse Rings y - an [uncursed] opal ring [of fire resistance] M - an [uncursed] pearl ring [of sustain ability] Wands L - an [uncursed] zinc wand [of create monster (0:12)] Tools p - an [uncursed] credit card r - 3 [uncursed] partly used [tallow] candles z - 2 [uncursed wax] candles E - an [uncursed] skeleton key Q - an [uncursed +0] pick-axe Gems w - an [uncursed] yellowish brown gem [amber] C - an [uncursed] green gem [worthless glass] D - 3 [uncursed] white gems [diamond] J - an [uncursed] violet gem [fluorite] P - an [uncursed] yellow gem [worthless glass] R - an [uncursed] black gem [worthless glass] T - an [uncursed] white gem [worthless glass] Spells known in the end: Name Level Category Fail Memory a - remove curse 3 clerical 100% [||||||||] Your skills at the end: Fighting Skills Weapon Skills sling [Basic / Skilled] Spellcasting Skills Final Attributes: You were piously aligned. Hunger level was 727. Your alignment was 25 / 26. Monster difficulty range was 0 - 6. Level difficulty was 5. You were immune to poison. You were immune to level-drain. You were immune to sickness. You could fly. You could survive without air. You regenerated. Your luck was zero. You are dead. Vanquished creatures: a black pudding a small mimic an incubus a leprechaun a human zombie a water nymph a rock mole 4 gnome lords a kobold mummy a gray ooze 2 giant ants a little dog a floating eye a kitten 4 dwarves 2 iguanas 2 killer bees a coyote 3 hobbits 2 giant rats a yellow mold a red mold 25 gnomes 3 geckos 10 jackals 2 kobolds a goblin 12 grid bugs 6 lichens 2 kobold zombies 4 newts 99 creatures vanquished. Voluntary challenges: You went without food. You never hit with a wielded weapon. You read items or engraved 157 times. You put on armor 13 times. You never genocided any monsters. You never polymorphed an object. You changed form 1 time. You used no wishes. You wrote Elbereth's name 73 times. You never encountered a bones level. You never used any Sokoban shortcuts. Dungeon overview: The Dungeons of Doom: levels 1 to 3 Level 1 a fountain a long staircase Level 2 a general store Level 3 an altar, a sink stairs to The Gnomish Mines The Gnomish Mines: levels 4 to 5 Level 4 stairs to The Dungeons of Doom Level 5 <- You were here History has recorded: On T:1 you entered the Dungeons of Doom to retrieve the Amulet of Yendor! On T:325 you advanced to experience level 2. On T:602 you advanced to experience level 3. On T:832 you reached level 2 of The Dungeons of Doom. On T:950 you advanced to experience level 4. On T:1197 you reached level 3 of The Dungeons of Doom. On T:1282 you advanced to experience level 5. On T:2002 you advanced to experience level 6. On T:2410 you reached level 1 of The Gnomish Mines. On T:2416 you advanced to experience level 7. On T:2790 you reached level 2 of The Gnomish Mines. Latest messages: You feed on the lifeblood. The giant ant suddenly seems weaker! The giant ant dies! The runed dagger misses the Woodland-elf. You are hit by a runed dagger! The Woodland-elf swings her runed broadsword. The Woodland-elf hits! [HP-21=27] The Woodland-elf blocks your way. (2x) You miss the Woodland-elf. (2x) The Woodland-elf swings her runed broadsword. The Woodland-elf hits! [HP-10=17] You hit the Woodland-elf. You miss the Woodland-elf. The Woodland-elf swings her runed broadsword. The Woodland-elf hits! [HP-9=8] You hit the Woodland-elf. You bite the Woodland-elf. The Woodland-elf swings her runed broadsword. The Woodland-elf hits! You die... Final status: Goodbye Arrhythmia the Convict... You died in The Gnomish Mines on dungeon level 5 with 3945 points, and 430 pieces of gold, after 3218 moves. You were level 7 with a maximum of 48 hit points when you died.